 Dungeon Crawl Stone Soup version 0.25.1-2-g60ff931df9 (webtiles) character file.

Game seed: 11925393352313232860

407 Morp the Ducker (level 6, 0/30 HPs)
             Began as a Felid Berserker on Nov 23, 2020.
             Was a Priest of Trog.
             Slain by an orc
             ... wielding a +0 club
              (2 damage)
             ... on level 5 of the Dungeon on Nov 24, 2020.
             The game lasted 00:18:14 (5483 turns).

Morp the Ducker (Felid Berserker)                   Turns: 5483, Time: 00:18:15

Health: 0/30       AC:  2    Str: 14    XL:     6   Next: 57%
Magic:  7/7        EV: 22    Int:  9    God:    Trog [***...]
Gold:   239        SH:  0    Dex: 16    Spells: 5/5 levels left
                                        Lives:  0   Deaths: 1

rFire    . . .     SeeInvis +     - Unarmed
rCold    . . .     Gourm    .   (shield unavailable)
rNeg     . . .     Faith    .   (armour unavailable)
rPois    .         Spirit   .   (helmet unavailable)
rElec    .         Reflect  .   (cloak unavailable)
rCorr    .         Harm     .   (gloves unavailable)
MR       .....                  (boots unavailable)
Stlth    +++.......             (no amulet)
HPRegen  0.10/turn              (no ring)
MPRegen  0.10/turn              (no ring)

@: quick
A: very small, no armour, no weapons or thrown items, stealth, claws 1, fangs 3,
see invisible, carnivore, speed 1, shaggy fur 2, slow metabolism 1, sharp paws
a: Berserk, Trog's Hand, Renounce Religion


You were on level 5 of the Dungeon.
You worshipped Trog.
Trog was most pleased with you.
You were very full.

You visited 1 branch of the dungeon, and saw 5 of its levels.

You collected 239 gold pieces.

Inventory:

Jewellery
 k - an uncursed amulet of regeneration {unknown}
 o - an uncursed amulet of the acrobat {unknown}
Wands
 i - a wand of iceblast (4)
 p - a wand of acid (11)
Scrolls
 b - 2 scrolls of amnesia {unknown}
 c - 2 scrolls of magic mapping {unknown}
 d - 2 scrolls of enchant weapon {unknown}
 e - 7 scrolls of identify {unknown}
 f - 5 scrolls of enchant armour {unknown}
 g - 2 scrolls of teleportation {unknown}
 h - a scroll of immolation {unknown}
 j - a scroll of noise {unknown}
 m - a scroll of remove curse {unknown}
Potions
 n - a potion of mutation {unknown}
Comestibles
 a - 8 rations


   Skills:
 * Level 4.8 Fighting
 * Level 6.3 Dodging
 + Level 3.6 Stealth
 * Level 4.7 Unarmed Combat


You had 5 spell levels left.
You didn't know any spells.
Your spell library was empty.

Dungeon Overview and Level Annotations

Branches:
Dungeon (5/15)             Temple (0/1) D:4

Altars:
Kikubaaqudgha
Makhleb
Vehumet


Innate Abilities, Weirdness & Mutations

You cannot wear armour.
You are incapable of wielding weapons or throwing items.
Your paws allow you to move quietly. (Stealth)
You have sharp claws.
You have razor-sharp teeth.
You have supernaturally acute eyesight. (SInv)
You are carnivorous and can eat meat at any time.
You cover ground quickly.
You are covered in thick fur. (AC +2)
You have a slow metabolism.
Your sharp claws are effective at attacking unaware monsters.


Message History

The orc misses you. x2
You claw the orc!
You kill the orc!
Trog accepts your kill. The orc hits you with a +0 flail!
* * * LOW HITPOINT WARNING * * *
You scratch the orc but do no damage. The orc completely misses you.
You scratch the orc but do no damage. You closely miss the orc.
You bite the orc, but do no damage. The orc misses you.
The orc barely misses you.
You barely miss the orc. The orc misses you. x2
You scratch the orc.
The orc is moderately wounded.
The orc misses you. The orc barely misses you.
You scratch the orc but do no damage.
The orc is moderately wounded.
You scratch the orc but do no damage.
The orc is moderately wounded.
The orc hits you with a +0 club.
You die...

########## ###..
#........# ####...###
#........# #........##
#........# #.#.......##
#........# #..........#
#........# #....%.....#
#........####......<...#
#.......o)).#(.........#
#......@o...........o..#
#........##.).....[...##
###########.##.........#
#.##.<........
#.o.....##.....รท...#
#o.oo.####..........
#.o).# #........o. #....
##..?....#. #...
##.....#..


You could see 2 orcs.

Vanquished Creatures
  A phantom (D:4)
  A hound (D:3)
  3 orc priests
  2 iguanas
  Ijyb (D:3)
  5 adders
  An ooze (D:1)
  An adder skeleton (D:4)
  5 worms
  A dart slug (D:4)
  4 leopard geckos
  12 orcs
  3 giant cockroaches
  5 goblins
  9 hobgoblins
  8 jackals (D:2)
  5 kobolds
  3 quokkas
  A ball python (D:3)
  7 bats
  3 frilled lizards
  A quokka skeleton (D:4)
  10 rats
92 creatures vanquished.

Notes
Turn   | Place    | Note
-------+----------+-------------------------------------------
     0 | D:1      | Morp the Felid Berserker began the quest for the Orb.
     0 | D:1      | Reached XP level 1. HP: 10/10 MP: 2/2
   456 | D:1      | Reached XP level 2. HP: 11/14 MP: 3/3
  1019 | D:1      | Reached skill level 1 in Stealth
  1255 | D:2      | Reached XP level 3. HP: 8/17 MP: 4/4
  1532 | D:2      | Reached ** piety under Trog
  1583 | D:2      | Found an ancient bone altar of Kikubaaqudgha.
  2356 | D:3      | Reached XP level 4. HP: 18/22 MP: 5/5
  2363 | D:3      | HP: 1/33 [orc priest/nerve-wracking pain (12)]
  2368 | D:3      | Slain by an orc
  2369 | D:3      | Reached XP level 3. HP: -5/18 MP: 4/4
  2380 | D:3      | Noticed Ijyb
  2385 | D:3      | Found a radiant altar of Vehumet.
  2391 | D:3      | Killed Ijyb
  2391 | D:3      | Reached skill level 5 in Dodging
  2700 | D:3      | Reached XP level 4. HP: 15/22 MP: 5/5
  2827 | D:3      | Found a burning altar of Makhleb.
  3428 | D:3      | Reached XP level 5. HP: 15/25 MP: 6/6
  3776 | D:4      | Reached *** piety under Trog
  4136 | D:4      | Found a staircase to the Ecumenical Temple.
  4468 | D:4      | Noticed a phantom
  4516 | D:4      | Killed a phantom
  4516 | D:4      | Reached skill level 6 in Dodging
  4516 | D:4      | Gained mutation: You are covered in thick fur. (AC +2)
                  | [Felid growth]
  4516 | D:4      | Reached XP level 6. HP: 11/29 MP: 7/7
  4902 | D:5      | Entered Level 5 of the Dungeon
  5476 | D:5      | HP: 1/30 [orc/+0 flail (7)]
  5483 | D:5      | Slain by an orc

Illustrated notes

Levels and vault maps discovered:
D:1:      elethiomel_arrival_quiet, layout_loops_ring,
          minmay_misc_feat_four_crosses, minmay_splitting_lines,
          corexii_item_surrounded_by_moat, minmay_misc_feat_ornament,
          roderic_filled_cross
D:2:      layout_loops_ring, lemuel_doored_altar
D:3:      layout_basic, vehumet_crystals, makhleb_blood_cavern_becter,
          hangedman_decor_clover_reticule, uniq_ijyb
D:4:      layout_loops_ring, minmay_temple_entry_statues_pillars, first_ration,
          kennysheep_generic_room_2
D:5:      black_bear_nest_2, layout_rooms, lemuel_altar_in_water

Skill      XL: |  1  2  3  4  5 |
---------------+----------------+-----
Stealth        | 1 2 3 |  3.6
Dodging        | 5 6 |  6.3
Fighting       | 4 |  4.8
Unarmed Combat | 4 |  4.7

Action                   |  1- 3 |  4- 6 || total
-------------------------+-------+-------++-------
Melee: Unarmed           |   132 |   120 ||   252
       Bite              |     8 |    15 ||    23
       Punch             |     3 |     3 ||     6
Invok: Berserk           |     4 |       ||     4
Evoke: Wand              |       |     1 ||     1
  Use: Potion            |     4 |     1 ||     5
 Stab: Sleeping          |     6 |     2 ||     8
  Eat: Chunk             |    14 |     8 ||    22
Armor: Skin              |     5 |     1 ||     6
Dodge: Dodged            |   129 |    79 ||   208
